 Dungeon Crawl Stone Soup version 0.30-a0-364-gf6b3ef1049 (webtiles) character file.

Game seed: 4466549337824573993

4 Manisia the Caller (level 1, -1/7 HPs)
             Began as a Felid Summoner on Nov 15, 2022.
             Slain by an adder (3 damage)
             ... on level 2 of the Dungeon.
             The game lasted 00:00:50 (378 turns).

Manisia the Caller (Felid Summoner)                  Turns: 378, Time: 00:00:51

Health: -1/7       AC:  1    Str:  3 (4)  XL:     1   Next: 58%
Magic:  3/4        EV: 17    Int: 13 (16) God:
Gold:   30         SH:  0    Dex: 15 (16) Spells: 3/4 levels left
                                        Lives:  0   Deaths: 0

rFire   . . .      SeeInvis +    (weapon unavailable)
rCold   . . .      Faith    .    (shield unavailable)
rNeg    . . .      Spirit   .    (body armour unavailable)
rPois   .          Reflect  .    (helmet unavailable)
rElec   .          Harm     .    (cloak unavailable)
rCorr   .          Rampage  .    (gloves unavailable)
Will    .....                    (boots unavailable)
Stlth   ++........               (no amulet)
HPRegen 0.21/turn                (no ring)
MPRegen 0.09/turn                (no ring)

@: quick
A: very small, claws 1, fangs 3, see invisible, speed 1, shaggy fur 1, stealthy
paws, no weapons or thrown items, no armour, multi-lived
a: no special abilities


You were on level 2 of the Dungeon.
You visited 1 branch of the dungeon, and saw 2 of its levels.

You collected 30 gold pieces.

Inventory:

Jewellery
 b - a +4 ring of evasion
Scrolls
 e - a scroll of blinking {unknown}
Potions
 a - a potion of magic


   Skills:
 + Level 2.6 Dodging
 + Level 2.9 Stealth
 + Level 2.0 Spellcasting
 + Level 4.2 Summonings


You had 3 spell levels left.
You knew the following spells:

 Your Spells              Type           Power      Damage    Failure   Level
a - Summon Small Mammal   Summ           48%        N/A       4%          1

Your spell library contained the following spells:

 Spells                   Type           Power      Damage    Failure   Level
 Call Imp                 Summ           12%        N/A       7%          2
 Call Canine Familiar     Summ           12%        N/A       14%         3
 Summon Guardian Golem    Hex/Summ       6%         N/A       32%         3
 Summon Lightning Spire   Summ/Air       6%         N/A       71%         4


Dungeon Overview and Level Annotations

Branches:
Dungeon (1/15)

Altars:


Innate Abilities, Weirdness & Mutations

You have sharp claws.
You have razor-sharp teeth.
You have supernaturally acute eyesight. (SInv)
You cover ground quickly. (Speed+)
You are covered in fur. (AC +1)
Your paws help you pounce on unaware monsters.
You are incapable of wielding weapons or throwing items.
You cannot wear armour.
You gain extra lives every three experience levels.


Message History

Your quokka closely misses the adder.
The adder attacks as you move away! The adder closely misses you.
* * * LOW HITPOINT WARNING * * *
You feel sick.
Your bat completely misses the adder.
The adder barely misses your quokka.
Your quokka barely misses the adder.
It was a potion of degeneration.
There was something very wrong with that liquid.
You feel weakened.
You feel dopey.
You feel clumsy.
* * * LOW HITPOINT WARNING * * *
You feel sick.
Your bat barely misses the adder. x2
The adder misses your quokka.
Your quokka bites the adder.
The adder bites your quokka.
Your quokka dies!
Your quokka's corpse disappears in a puff of smoke!
It was a potion of curing.
You feel better.
Your bat hits the adder. You scratch the adder.
The adder is heavily wounded.
Your bat misses the adder. The adder bites you.
You barely miss the adder.
The adder is heavily wounded.
Your bat hits the adder but does no damage.
The adder bites you. The adder barely misses you.
You miss the adder.
The adder is heavily wounded.
Your bat barely misses the adder.
The adder barely misses you.
You scratch the adder.
The adder is severely wounded.
Your bat closely misses the adder.
The adder closely misses you.
A goblin comes into view. It is wielding a +0 dagger.
You closely miss the adder.
The adder is severely wounded.
The adder bites you but does no damage.
Your bat hits the adder.
The goblin shouts!
You scratch the adder.
The adder is almost dead.
Your bat hits the adder but does no damage.
The adder bites you.
* * * LOW HITPOINT WARNING * * *
The adder bites you.
You die...

#..........
#.######### #.#
#.# #.########
#.#......# .
#.#......# ...
#.#..)...##
.....##.bS@$....#
....g...#.......#
....b##.#.......#
.... #.#.......#
... #.#######.#
## #.# # ..# ...
..#


You could see an adder (ally target), a goblin, a bat (wandering) and a friendly
bat (summoned).

Vanquished Creatures
  2 giant cockroaches (D:1)
  A quokka (D:1)
  A ball python (D:1)
4 creatures vanquished.

Notes
Turn   | Place    | Note
-------+----------+-------------------------------------------
     0 | D:1      | Manisia the Felid Summoner began the quest for the Orb.
     0 | D:1      | Reached XP level 1. HP: 7/7 MP: 4/4
   345 | D:1      | You fall into a shaft and drop 1 floor!
   378 | D:2      | Slain by an adder

Illustrated notes

Levels and vault maps discovered:
D:1:      zelgadis_glass_arrival_small, layout_basic, serial_shops, shop
D:2:      layout_basic

Action                   || total
-------------------------++-------
Melee: Unarmed           ||    26
       Bite              ||     3
       Punch             ||     1
 Cast: Summon Small Mamm ||     9
  Use: Potion            ||     2
Armor: Skin              ||     1
Dodge: Dodged            ||    25

Table legend: (Time is in decaauts)
 A = Elapsed time spent in this place.
 B = Non-inter-level travel time spent in this place.
 C = Inter-level travel time spent in this place.
 D = Time resting spent in this place.
 E = Time spent auto-exploring this place.
 F = Levels seen in this place.
 G = Mean time per level.
                   A        B        C        D        E       F      G
               +--------+--------+--------+--------+--------+-----+--------+
         Total |    323 |    323 |      0 |      0 |    251 |   2 |  161.5 |
       Dungeon |    323 |    323 |      0 |      0 |    251 |   2 |  161.5 |
               +--------+--------+--------+--------+--------+-----+--------+

Top non-repeatable levels by time:
     D:1: 293 daAuts
     D:2: 29 daAuts
